 Dungeon Crawl Stone Soup version 0.30-a0-1082-g70414cbcbb (webtiles) character file.

Game seed: 6631482310303113093

99788 Zeldest the Draconian Blade (level 15, -2/128 HPs)
             Began as a Red Draconian Monk on Apr 16, 2023.
             Was a High Priest of Okawaru.
             Shot with an arrow by a deep elf archer (21 damage)
             ... on level 14 of the Dungeon.
             The game lasted 00:42:57 (27693 turns).

Zeldest the Draconian Blade (Red Draconian Monk)   Turns: 27693, Time: 00:42:58

Health: -2/128     AC: 17    Str: 14    XL:     15   Next: 78%
Magic:  22/26      EV: 18    Int: 10    God:    Okawaru [*****.]
Gold:   2330       SH:  0    Dex: 21    Spells: 14/14 levels left

rFire   + . .      SeeInvis .    a - +7 triple sword (elec)
rCold   + . .      Faith    .    (shield currently unavailable)
rNeg    . . .      Spirit   .    (body armour unavailable)
rPois   .          Reflect  .    F - +2 hat {Will+}
rElec   .          Rampage  .    I - +1 cloak
rCorr   .                        k - +2 pair of gloves {infuse}
Will    ++...                    W - +0 pair of boots {Stlth+}
Stlth   +++                      (no amulet)
HPRegen 0.41/turn                h - +4 ring of slaying
MPRegen 0.20/turn                G - ring of protection from cold

@: slowed, very slow
A: breathe fire, AC +9, unfitting armour, fire resistance 1, cold-blooded
a: Breathe Fire, Renounce Religion, Heroism, Finesse, Duel


You were on level 14 of the Dungeon.
You worshipped Okawaru.
Okawaru was extremely pleased with you.
You visited 4 branches of the dungeon, and saw 22 of its levels.
You also visited: Sewer, Ossuary and Volcano.

You collected 2617 gold pieces.
You spent 287 gold pieces at shops.

Inventory:

Hand Weapons
 a - a +7 triple sword of electrocution (weapon)
 b - the +5 dagger "Zipnas" {spect, Int+3 Stlth-}
   (You found it on level 4 of the Dungeon)

   Int:       It affects your intelligence (+3).
   Stlth:     It makes you less stealthy.
Missiles
 Q - 3 curare-tipped darts (quivered)
 U - 2 throwing nets
Armour
 k - a +2 pair of gloves of infusion (worn)
 F - a +2 hat of willpower (worn)
 I - a +1 cloak (worn)
 W - a +0 pair of boots of stealth (worn)
Jewellery
 d - a ring of fire
 h - a +4 ring of slaying (left hand)
 G - a ring of protection from cold (right hand)
 R - the ring "Nitsapp" {*Slow +Blink rPois rC++ rCorr}
   (You found it on level 8 of the Dungeon)

   [ring of resist corrosion]

   rC:        It greatly protects you from cold.
   rPois:     It protects you from poison.
   +Blink:    It lets you blink.
   rCorr:     It protects you from acid and corrosion.
   *Slow:     It may slow you when you take damage.
Wands
 i - a wand of paralysis (15)
 K - a wand of flame (12)
 S - a wand of quicksilver (8)
 T - a wand of iceblast (58)
Scrolls
 e - a scroll of fear
 g - 9 scrolls of noise
 o - 4 scrolls of fog
 t - 5 scrolls of poison
 v - 4 scrolls of teleportation
 y - 2 scrolls of amnesia
 B - a scroll of brand weapon
 E - 5 scrolls of immolation
 H - 4 scrolls of torment
 J - 2 scrolls of vulnerability
 L - 3 scrolls of enchant armour
 O - 2 scrolls of silence
 P - 4 scrolls of magic mapping
Potions
 f - 4 potions of haste
 j - 3 potions of curing
 l - 4 potions of might
 m - 7 potions of berserk rage
 p - 2 potions of magic
 q - 2 potions of resistance
 r - 4 potions of brilliance
 s - 2 potions of cancellation
 u - 5 potions of flight
 x - a potion of ambrosia
 z - 4 potions of attraction
 A - 8 potions of heal wounds
 D - 5 potions of mutation
 M - 3 potions of invisibility
 N - 5 potions of lignification


   Skills:
 + Level 10.5 Fighting
 - Level 23.1 Long Blades
 + Level 8.8 Dodging
 + Level 14.8 Invocations


You had 14 spell levels left.
You didn't know any spells.
Your spell library contained the following spells:

 Spells                   Type           Power      Damage    Failure   Level
 Beastly Appendage        Tmut           0%         N/A       36%         1
 Necrotise                Necr           0%         1d4       36%         1
 Shock                    Conj/Air       0%         1d3       36%         1
 Scorch                   Fire           0%         2d5       50%         2
 Sublimation of Blood     Necr           0%         N/A       50%         2
 Wereblood                Tmut           0%         N/A       50%         2
 Ignite Poison            Fire/Tmut/Pois 0%         N/A       75%         3
 Spider Form              Tmut/Pois      0%         N/A       75%         3
 Stone Arrow              Conj/Erth      0%         3d7       75%         3
 Swiftness                Air            0%         N/A       75%         3
 Vampiric Draining        Necr           0%         2d6       75%         3
 Airstrike                Air            0%         2d(0-16)  98%         4
 Flame Wave               Conj/Fire      0%         2d4       98%         4
 Sticky Flame             Conj/Fire      0%         2d3       98%         4
 Agony                    Necr           0%         N/A       100%        5
 Arcjolt                  Conj/Air       0%         1d10      100%        5
 Plasma Beam              Fire/Air       0%         2x1d11    100%        6
 Starburst                Conj/Fire      0%         6d3       100%        6
 Lehudib's Crystal Spear  Conj/Erth      0%         10d2      100%        8
 Animate Armour           Summ/Erth      Unusable   N/A       N/A         4
 Summon Cactus Giant      Summ           Unusable   N/A       N/A         6
 Summon Hydra             Summ           Unusable   N/A       N/A         7

Dungeon Overview and Level Annotations

Branches:
Dungeon (14/15) Zot: 26365  Temple (1/1) D:4 Zot: 5974    Lair (5/5) D:10 Zot: 22240
 Shoals (0/4) Lair:3       Spider (0/4) Lair:2        Slime (0/5) Lair:5
    Orc (2/2) D:9 Zot: 9463     Elf (0/3) Orc:2        Vaults (0/5) D:14
  Sewer (visited)         Ossuary (visited)         Volcano (visited)

Altars:
Ashenzari
Cheibriados
Dithmenos
Elyvilon
Fedhas
Hepliaklqana
Kikubaaqudgha
Makhleb
Nemelex Xobeh
Okawaru
Sif Muna
Trog
Uskayaw
Vehumet
Wu Jian
Xom
The Shining One

Shops:
D:5 =   D:7 *   Orc:2 **(**

Annotations:
D:6 3 runed translucent doors, BirdDuck's ghost, novice TrBe
D:12 3 runed translucent doors, Cesushri's ghost, journeyman MiBe
Lair:4 2 transporters, Rapp's ghost, journeyman MeRe


Innate Abilities, Weirdness & Mutations

You can breathe blasts of fire.
Your fiery red scales are hard. (AC +9)
You cannot fit into any form of body armour.
Your flesh is heat resistant. (rF+)
You are cold-blooded and may be slowed by cold attacks.


Message History

The centaur unwields a +0 shortbow.
The centaur misses you. The centaur completely misses you.
You slice the centaur!!
You kill the centaur!
Okawaru accepts your kill.
A centaur comes into view.
The kobold brigand throws a curare-tipped dart.
The curare-tipped dart hits you.
You are poisoned.
You have difficulty breathing.
You feel yourself slow down.
The deep elf archer gestures wildly while chanting.
The deep elf archer blinks!
The centaur moves out of view.
Things that are here:
a +0 shortbow; 33 gold pieces You are too injured to fight recklessly!
You are too injured to fight recklessly!
You are too injured to fight recklessly!
You feel very sick.
The kobold brigand hits you but does no damage.
The kobold hits you with a +0 whip.
The deep elf archer shoots an arrow.
The arrow hits you!
* * * LOW HITPOINT WARNING * * *
The centaur shouts!
You slice the kobold brigand!!
Lightning courses through the kobold brigand!!
You kill the kobold brigand!
Okawaru accepts your kill.
You feel very sick.
The centaur wields a +0 shortbow.
The centaur shoots an arrow.
The arrow hits you but does no damage. The kobold hits you with a +0 whip.
* * * LOW HITPOINT WARNING * * *
The centaur shoots an arrow.
The arrow misses you.
The arrow barely misses the kobold.
You feel better. The kobold misses you.
The centaur shoots an arrow.
The arrow barely misses you.
The arrow closely misses the kobold.
The deep elf archer shoots an arrow.
The arrow hits you!
* * * LOW HITPOINT WARNING * * *
The kobold misses you.
The deep elf archer shoots an arrow.
The arrow hits you!!
You die...

#........#..#)##..# .
#........#)#[#.#..#.# .
#........#.)##.#..#.##..
#........#.#...)......
+........#####.#..#.####
#.......................
#...............e.......
#........#####K#))#.####
#...>....# #...@..c...#
####.#####..##)#..#.##..
... #. #.#..#.# ... #
.##..# . .. .. #..# .
### #..# ## .... .+.


You could see a deep elf archer (repels missiles), a centaur and a kobold.

Vanquished Creatures
  Jorgrun (D:13)
  Gastronok (D:10)
  An orc warlord (Orc:2)
  A very ugly thing (D:12)
  Fannar (D:12)
  Erolcha (D:9)
  7 hydras
  An ice dragon (D:13)
  6 centaur warriors
  A rakshasa (D:12)
  An ogre mage (D:14)
  A catoblepas (D:13)
  3 boulder beetles
  2 tengu warriors
  9 two-headed ogres
  7 death yaks
  3 orc high priests (Orc:2)
  Nergalle (D:11)
  2 skysharks
  3 skeletal warriors (D:13)
  Lodul (D:13)
  5 deep elf pyromancers
  5 orc knights
  3 deep elf zephyrmancers (D:14)
  7 orc sorcerers
  A wolf spider (D:12)
  2 manticores
  3 cyclopes
  11 ugly things
  4 black mambas
  14 elephants
  A molten gargoyle (Volcano)
  5 cane toads
  Maurice (Orc:1)
  Maggie (D:10)
  A torpor snail (Lair:3)
  6 gargoyles
  3 kobold demonologists
  5 komodo dragons
  A rime drake (Lair:5)
  3 yaktaurs (D:14)
  A queen bee (shapeshifter) (D:8)
  5 trolls
  3 hornets (Lair:5)
  9 polar bears
  18 blink frogs
  7 dream sheep (Lair:5)
  3 shadows
  A centaur simulacrum (D:14)
  4 wyverns
  19 slime creatures
  12 spriggans (Lair:5)
  3 wraiths
  2 basilisks (Lair:1)
  60 yaks
  2 vampires
  A fire elemental (Volcano)
  2 steam dragons
  2 vampire mosquitoes (D:12)
  Menkaure (D:7)
  3 wargs
  3 acid dragons
  5 water moccasins
  18 orc warriors
  2 ice beasts
  2 black bears (Lair:5)
  15 ogres
  4 boggarts (Lair:5)
  15 centaurs
  37 wolves
  A phantom (D:7)
  10 kobold brigands
  A scorpion (D:4)
  11 bullfrogs
  11 wights (D:7)
  10 killer bees
  8 howler monkeys
  4 electric eels
  A centaur zombie (Ossuary)
  3 hounds
  A jelly (D:4)
  3 sleepcaps
  A gnoll bouda (D:7)
  A human zombie (Ossuary)
  16 orc priests
  3 iguanas
  25 orc wizards
  5 hell rats (Lair:2)
  4 mummies (Ossuary)
  14 gnolls
  14 adders
  6 river rats
  An ufetubus (D:5)
  4 worms
  A dart slug (D:1)
  64 orcs
  6 bats
  10 endoplasms
  4 giant cockroaches
  2 gnoll zombies (Ossuary)
  4 goblins
  4 hobgoblins
  7 quokkas
  17 ball pythons
  6 frilled lizards
  A goblin zombie (Ossuary)
  A hobgoblin zombie (Ossuary)
  13 kobolds
  A kobold zombie (Ossuary)
  An orc zombie (Ossuary)
  36 rats
  A butterfly (Lair:4)
732 creatures vanquished.

Vanquished Creatures (others)
  An ugly thing (D:12)
  A vampire (D:13)
  3 orc wizards
  An orc (Orc:2)
  17 fungi
  66 plants
  3 withered plants (D:8)
92 creatures vanquished.

Grand Total: 824 creatures vanquished

Notes
Turn   | Place    | Note
-------+----------+-------------------------------------------
     0 | D:1      | Zeldest the Draconian Monk began the quest for the Orb.
     0 | D:1      | Reached XP level 1. HP: 19/19 MP: 1/1
   141 | D:1      | Reached XP level 2. HP: 14/26 MP: 2/2
   416 | D:1      | Reached XP level 3. HP: 28/33 MP: 3/3
  1245 | D:2      | Reached skill level 4 in Long Blades
  1261 | D:2      | Reached XP level 4. HP: 27/40 MP: 4/4
  1502 | D:3      | Reached XP level 5. HP: 45/46 MP: 5/5
  1651 | D:3      | Reached skill level 5 in Long Blades
  1891 | D:3      | Reached XP level 6. HP: 39/53 MP: 6/6
  2593 | D:4      | Got the Omnibus of Lava
  2615 | D:4      | Reached skill level 5 in Fighting
  2671 | D:4      | Found a bloodstained altar of Trog.
  2671 | D:4      | Found a sparkling altar of Nemelex Xobeh.
  2678 | D:4      | Found a white marble altar of Elyvilon.
  2680 | D:4      | Found a radiant altar of Vehumet.
  2682 | D:4      | Found a snail-covered altar of Cheibriados.
  2857 | D:4      | Found a staircase to the Ecumenical Temple.
  2869 | Temple   | Entered the Ecumenical Temple
  2882 | Temple   | Became a worshipper of Warmaster Okawaru
  2882 | Temple   | Reached * piety under Okawaru
  2882 | Temple   | Reached ** piety under Okawaru
  2915 | D:4      | Identified the +5 dagger "Zipnas" {spect, Int+3 Stlth-}
  2998 | D:4      | Found a glowing drain.
  3018 | Sewer    | Entered a sewer
  3107 | Sewer    | Reached skill level 6 in Long Blades
  3107 | Sewer    | Reached skill level 1 in Invocations
  3117 | Sewer    | Your scales start taking on a fiery red colour.
  3117 | Sewer    | Reached XP level 7. HP: 59/61 MP: 7/7
  3117 | Sewer    | Gained mutation: Your flesh is heat resistant. (rF+) [Red
                  | Draconian growth]
  3543 | D:4      | Identified the +3 hand axe "Kunguila" {freeze, Fly rCorr
                  | Int-5}
  3823 | D:5      | Entered Level 5 of the Dungeon
  3841 | D:5      | Reached skill level 7 in Long Blades
  4156 | D:5      | Found Caqigh's Jewellery Emporium.
  4369 | D:5      | Reached *** piety under Okawaru
  4370 | D:5      | Reached XP level 8. HP: 68/68 MP: 11/11
  4551 | D:5      | Reached skill level 5 in Invocations
  4986 | D:6      | Reached skill level 8 in Long Blades
  5012 | D:6      | Found a runed translucent gate.
  5012 | D:6      | Found a runed translucent gate.
  5012 | D:6      | Found a runed translucent gate.
  5012 | D:6      | Noticed BirdDuck's ghost (novice TrBe)
  5083 | D:6      | Found a sand-covered staircase.
  5109 | Ossuary  | Entered an ossuary
  5690 | D:7      | Reached **** piety under Okawaru
  5926 | D:7      | Reached XP level 9. HP: 53/74 MP: 14/14
  5929 | D:7      | Reached skill level 9 in Long Blades
  6568 | D:7      | Noticed Menkaure
  6575 | D:7      | Killed Menkaure
  6583 | D:7      | Found Usmotwu's Assorted Antiques.
  6591 | D:7      | Bought a sedimented dark potion for 20 gold pieces
  6591 | D:7      | Bought a scroll labelled ACKATU DIUH for 23 gold pieces
  6989 | D:7      | Noticed a troll
  6996 | D:7      | Killed a troll
  6996 | D:7      | Reached ***** piety under Okawaru
  6997 | D:7      | Reached skill level 10 in Long Blades
  7027 | D:7      | Noticed a brown ugly thing
  7042 | D:7      | Killed a brown ugly thing
  7450 | D:8      | Reached XP level 10. HP: 66/81 MP: 17/17
  7869 | D:8      | Found a shadowy altar of Dithmenos.
  7936 | D:8      | Found an ancient bone altar of Kikubaaqudgha.
  7939 | D:8      | Found a blossoming altar of Fedhas.
  8081 | D:8      | Noticed a tengu warrior
  8081 | D:8      | Noticed a boulder beetle
  8081 | D:8      | Noticed a manticore
  8385 | D:8      | Killed a manticore
  8386 | D:8      | Reached skill level 11 in Long Blades
  8386 | D:8      | Reached skill level 10 in Invocations
  8387 | D:8      | Identified the ring "Nitsapp" {*Slow +Blink rPois rC++
                  | rCorr}
  8440 | D:8      | Identified the +0 long sword of Jirchimo {flame, Will-
                  | Dex+3 Stlth+} (Okawaru gifted it to you on level 8 of the
                  | Dungeon)
  8440 | D:8      | Received a gift from Okawaru
  8759 | D:8      | Killed a tengu warrior
  8844 | D:8      | Noticed a death knight
  8927 | D:8      | Killed a boulder beetle
  9329 | D:9      | Reached skill level 12 in Long Blades
  9425 | D:9      | Found a staircase to the Orcish Mines.
  9465 | D:9      | Noticed a two-headed ogre
  9473 | D:9      | Killed a two-headed ogre
  9484 | D:9      | Noticed a rust devil
  9492 | D:9      | Reached XP level 11. HP: 72/86 MP: 19/19
  9504 | D:9      | Received a gift from Okawaru
 10066 | D:10     | Entered Level 10 of the Dungeon
 10142 | D:10     | Found a staircase to the Lair.
 10163 | D:10     | Noticed a two-headed ogre
 10170 | D:10     | Killed a two-headed ogre
 10171 | D:10     | Reached skill level 13 in Long Blades
 10226 | D:10     | Noticed Gastronok
 10281 | D:10     | Killed Gastronok
 10836 | D:10     | Reached skill level 14 in Long Blades
 10881 | D:10     | Noticed Maggie
 10899 | D:10     | Killed Maggie
 11170 | Lair:1   | Entered Level 1 of the Lair of Beasts
 11243 | Lair:1   | Noticed a death yak
 11243 | Lair:1   | Noticed a death yak
 11243 | Lair:1   | Noticed a death yak
 11329 | Lair:1   | Killed a death yak
 11329 | Lair:1   | Reached ****** piety under Okawaru
 11584 | Lair:1   | Identified the +0 pair of gloves of the Vestibule of Hell
                  | {rN+} (Okawaru gifted it to you on level 1 of the Lair of
                  | Beasts)
 11584 | Lair:1   | Received a gift from Okawaru
 11585 | Lair:1   | Reached skill level 15 in Long Blades
 11749 | Lair:1   | Reached XP level 12. HP: 84/94 MP: 17/20
 11848 | Lair:1   | Noticed a death yak
 11849 | Lair:1   | Noticed a death yak
 11862 | Lair:1   | Killed a death yak
 11863 | Lair:1   | Reached skill level 16 in Long Blades
 11868 | Lair:1   | Killed a death yak
 11873 | Lair:1   | Killed a death yak
 11877 | Lair:1   | Killed a death yak
 12514 | Lair:2   | Reached skill level 17 in Long Blades
 12747 | Lair:2   | Found a hole to the Spider Nest.
 13699 | Lair:3   | Received a gift from Okawaru
 13761 | Lair:3   | Found a staircase to the Shoals.
 13810 | Lair:3   | Reached skill level 18 in Long Blades
 14301 | Lair:3   | Noticed a death yak
 14302 | Lair:3   | Noticed a death yak
 14325 | Lair:3   | Killed a death yak
 14336 | Lair:3   | Killed a death yak
 14561 | Lair:3   | Reached XP level 13. HP: 89/100 MP: 19/21
 15144 | Lair:5   | Entered Level 5 of the Lair of Beasts
 15427 | Lair:5   | Found a dark tunnel.
 15436 | Lair:5   | Reached skill level 19 in Long Blades
 15455 | Volcano  | Entered a volcano
 15805 | Lair:4   | Identified a scroll of acquirement
 15806 | Lair:4   | Acquired a manual of Long Blades
 16229 | Lair:4   | Found a hide-covered altar of Uskayaw.
 16229 | Lair:4   | Found an ornate altar of the Wu Jian Council.
 16259 | Lair:4   | Found a transporter.
 16267 | Lair:4   | Noticed Rapp's ghost (journeyman MeRe)
 16534 | Lair:4   | Found a transporter.
 16627 | Lair:4   | Reached skill level 20 in Long Blades
 17210 | Lair:5   | Reached skill level 21 in Long Blades
 17553 | Lair:5   | Identified the +2 pair of gloves of the Komodo Dragon
                  | {+Blink Will- rCorr} (Okawaru gifted it to you on level 5
                  | of the Lair of Beasts)
 17553 | Lair:5   | Received a gift from Okawaru
 17764 | Lair:5   | Found a hazy altar of Hepliaklqana.
 17817 | Lair:5   | Reached skill level 22 in Long Blades
 18504 | Lair:5   | Reached XP level 14. HP: 66/107 MP: 23/23
 18848 | Lair:5   | Reached skill level 5 in Dodging
 19192 | Lair:5   | Found a staircase to the Slime Pits.
 19358 | D:11     | Got the Volume of Exhalation and Teratogeny
 19683 | D:11     | Noticed Nergalle
 19690 | D:11     | Killed Nergalle
 19752 | D:11     | Identified the +0 pair of boots of the Wheelwright {rF+
                  | rCorr Dex-4} (Okawaru gifted it to you on level 11 of the
                  | Dungeon)
 19752 | D:11     | Received a gift from Okawaru
 20482 | D:12     | Noticed Fannar
 20501 | D:12     | Killed Fannar
 21239 | D:12     | Found a runed translucent gate.
 21240 | D:12     | Found a runed translucent gate.
 21241 | D:12     | Found a runed translucent gate.
 21241 | D:12     | Noticed a fire giant
 21241 | D:12     | Noticed Cesushri's ghost (journeyman MiBe)
 21358 | D:12     | Noticed a green very ugly thing
 21838 | D:12     | Killed a white very ugly thing
 22496 | Orc:1    | Entered Level 1 of the Orcish Mines
 22496 | Orc:1    | Noticed Maurice
 22498 | Orc:1    | Killed Maurice
 22500 | Orc:1    | Noticed Erolcha
 22518 | D:9      | Killed Erolcha
 22764 | Orc:2    | Entered Level 2 of the Orcish Mines
 23364 | Orc:2    | Found Cifef's General Store.
 23375 | Orc:2    | Found a staircase to the Elven Halls.
 23394 | Orc:2    | Bought a +1 pair of gloves of infusion for 214 gold pieces
 23548 | Orc:2    | Noticed an orc warlord
 23555 | Orc:2    | Reached XP level 15. HP: 123/123 MP: 18/25
 24120 | Orc:2    | Identified the +1 hat "Kutzig" {MP-9 Str+7} (Okawaru gifted
                  | it to you on level 2 of the Orcish Mines)
 24120 | Orc:2    | Received a gift from Okawaru
 24911 | Orc:2    | Found Hucwecs's Antique Weapon Boutique.
 24911 | Orc:2    | Found Kisid Wuh's Assorted Antiques.
 24922 | Orc:2    | Found Jeazoj's General Store.
 24922 | Orc:2    | Found Pihiof's Assorted Antiques.
 24934 | Orc:2    | Bought a scroll labelled LOESTIRRUA for 30 gold pieces
 25310 | D:13     | Noticed Lodul
 25387 | D:13     | Killed Lodul
 25388 | D:13     | Noticed Jorgrun
 25397 | D:13     | Killed Jorgrun
 25665 | D:13     | Reached skill level 23 in Long Blades
 26796 | D:13     | Identified the +3 whip of Jeskishre {freeze, rN++ Will+
                  | Str-4 Stlth+}
 27251 | D:14     | Reached skill level 10 in Fighting
 27589 | D:14     | Found a gate to the Vaults.
 27612 | D:14     | Identified the +0 buckler of Bikk {+Blink Str+3 Int-2}
                  | (Okawaru gifted it to you on level 14 of the Dungeon)
 27612 | D:14     | Received a gift from Okawaru
 27693 | D:14     | Shot with an arrow by a deep elf archer

Illustrated notes

Levels and vault maps discovered:
D:1:      matt_arrival_refuge, layout_basic, minmay_cupped
D:2:      layout_rooms, dk_vineyard_3
D:3:      layout_basic
D:4:      layout_basic, chequers_temple_overflow_minitemple,
          minmay_temple_entry_glassed_door, portal_sewer_entry_a,
          hangedman_decor_opposing, chequers_arboretum, minmay_close_crescents
D:5:      layout_layer_cave, minmay_shop_enchanted_jewellery
D:6:      layout_rooms, nicolae_ossuary_entry_monument,
          gammafunk_ghost_necromancy
D:7:      layout_layer_cave, serial_shops, nicolae_shop_overgrown_old_shop,
          minmay_small_thing, uniq_menkaure
D:8:      minmay_the_grid_triangle_9x9_recursive_2
          [minmay_the_grid_triangle_9x9_prize_top_heavy,
          minmay_the_grid_triangle_9x9_limited_checkers,
          minmay_the_grid_triangle_9x9_zippers_horizontal,
          minmay_the_grid_triangle_9x9_minimal], layout_loops_ring,
          grunt_temple_overflow_growth_and_decay, mainiacjoe_overflow_brackets
D:9:      layout_cave_pools, orc_0_dummy, wad_floor_pattern_untrapped,
          kennysheep_generic_room_10
D:10:     layout_basic, lair_entry_dummy, water_boxes_lemuel, uniq_maggie,
          uniq_gastronok
D:11:     layout_rooms, interstate_on_off, minmay_microvault, uniq_nergalle
D:12:     nzn_winding_woodlands_three_and_one
          [nzn_winding_woodlands_5x15_jagged,
          nzn_winding_woodlands_5x15_lazy_stream,
          nzn_winding_woodlands_5x15_cabin,
          nzn_winding_woodlands_center_garden], layout_basic,
          gammafunk_ghost_split, kennysheep_another_room, due_unseen_surprise,
          uniq_fannar
D:13:     layout_irregular_city, grunt_potential, uniq_lodul, uniq_jorgrun
D:14:     layout_roguey, hangedman_vaults_entry_quadrant_bands, uniq_rupert
Temple:   nicolae_temple_bog_church
Lair:1:   layout_small_grid, grunt_forest_stairs_basic, grunt_megastairs_2,
          serial_bayou_shore_b
Lair:2:   layout_cave_pods, dummy_spider_entry
Lair:3:   layout_layer_cave, minmay_shoals_entry_centaurs, grunt_megastairs_4,
          serial_bayou_shore_b
Lair:4:   layout_gridlike, nzn_ghost_randoct, nicolae_quartered_pool_impasse,
          nzn_masters_of_martial_movement, infiniplex_staircase_pool_2,
          serial_bayou_shore_a, serial_bayou_shore_b, serial_bayou_shore_b,
          lemuel_fruit_fields, grunt_megastairs_5, serial_bayou_shore_b
Lair:5:   minmay_lair_end_enchanted_forest, layout_gridlike,
          dpeg_slime_entry_corner, basic_altar, nicolae_volcano_entry_s_turn,
          grunt_megastairs_1, lemuel_fruit_fields
Orc:1:    layout_diamond_mine, uniq_erolcha, uniq_maurice
Orc:2:    grunt_orc_tribal_feast, layout_caves, serial_shops, shop

Skill      XL: |  1  2  3  4  5  6  7  8  9 10 11 12 13 14 15 |
---------------+----------------------------------------------+-----
Dodging        | 3 4 7 8 |  8.8
Long Blades    | 4 5 6 7 8 10 12 15 18 22 23 | 23.1
Fighting       | 4 5 8 10 | 10.5
Invocations    | 1 4 7 9 11 12 13 14 | 14.8

Action                     |  1- 3 |  4- 6 |  7- 9 | 10-12 | 13-15 || total
---------------------------+-------+-------+-------+-------+-------++-------
  Melee: Falchion          |    63 |   184 |    99 |       |       ||   346
         Tailslap          |     9 |    25 |    59 |   107 |   179 ||   379
         Dagger            |       |       |   203 |   247 |    47 ||   497
         Triple sword      |       |       |       |   197 |   913 ||  1110
         Punch             |       |       |       |       |     1 ||     1
  Throw: Dart              |       |       |       |     4 |     1 ||     5
 Invoke: Heroism           |       |       |       |     7 |    12 ||    19
         Finesse           |       |       |       |       |     2 ||     2
Ability: Breathe Fire      |       |       |     2 |     8 |     2 ||    12
  Evoke: Wand              |       |       |       |     6 |     1 ||     7
    Use: Scroll            |       |     1 |     4 |    22 |    19 ||    46
         Potion            |       |       |     1 |       |     7 ||     8
   Stab: Distracted        |       |       |       |     4 |     4 ||     8
         Paralysed         |       |       |       |     1 |       ||     1
         Sleeping          |       |       |       |     1 |     7 ||     8
 Armour: Skin              |    16 |    46 |   101 |   156 |   362 ||   681
  Dodge: Dodged            |    44 |   133 |   223 |   249 |   654 ||  1303

Table legend: (Time is in decaauts)
 A = Elapsed time spent in this place.
 B = Non-inter-level travel time spent in this place.
 C = Inter-level travel time spent in this place.
 D = Time resting spent in this place.
 E = Time spent auto-exploring this place.
 F = Levels seen in this place.
 G = Mean time per level.
                   A        B        C        D        E       F      G
               +--------+--------+--------+--------+--------+-----+--------+
         Total |  27362 |  26333 |   1029 |   9040 |  12179 |  25 | 1094.5 |
       Dungeon |  16103 |  15447 |    656 |   4935 |   7892 |  14 | 1150.2 |
        Temple |     25 |     14 |     11 |      0 |      0 |   1 |   25.0 |
          Lair |   7760 |   7473 |    287 |   2614 |   3386 |   5 | 1552.0 |
  Orcish Mines |   2536 |   2462 |     74 |   1350 |    596 |   2 | 1268.0 |
         Sewer |    437 |    437 |      0 |    119 |    110 |   1 |  437.0 |
       Ossuary |    218 |    218 |      0 |     22 |    115 |   1 |  218.0 |
       Volcano |    281 |    281 |      0 |      0 |     78 |   1 |  281.0 |
               +--------+--------+--------+--------+--------+-----+--------+

Top non-repeatable levels by time:
     D:7: 2217 daAuts
    D:13: 2119 daAuts
  Lair:5: 2089 daAuts
    D:12: 1952 daAuts
  Lair:4: 1695 daAuts
  Lair:3: 1691 daAuts
   Orc:2: 1426 daAuts
     D:8: 1382 daAuts
    D:10: 1196 daAuts
  Lair:1: 1149 daAuts
  Lair:2: 1134 daAuts
   Orc:1: 1109 daAuts
     D:1: 1092 daAuts
     D:5: 1088 daAuts
     D:3: 900 daAuts
